 Dungeon Crawl Stone Soup version 0.31-a0-187-gba352fbbf7 (webtiles) character file.

Game seed: 1730871161577800069

429 qw the Skirmisher (level 6, -2/35 HPs)
             Began as a Deep Elf Hunter on June 22, 2023.
             Slain by a lemure (8 damage)
             ... led by Pikel
             ... on level 4 of the Dungeon.
             The game lasted 00:01:06 (3330 turns).

qw the Skirmisher (Deep Elf Hunter)                 Turns: 3330, Time: 00:01:07

Health: -2/35      AC:  8    Str: 10    XL:     6   Next: 66%
Magic:  23/23      EV: 12    Int: 14    God:
Gold:   181        SH:  0    Dex: 24    Spells: 5/5 levels left

rFire   . . .        i - +1 shortbow
rCold   . . .        (shield currently unavailable)
rNeg    . . .        h - +0 ring mail
rPois   +            f - +1 helmet
rElec   .            k - +0 cloak
rCorr   .            (no gloves)
SInv    .            (no boots)
Will    .....        d
                       - Hermit's Pendant {Faith Invo=14 Evo=0 MP+5}
Stlth   ++           b - ring of poison resistance
HPRegen 0.25/turn    c - +6 ring of dexterity
MPRegen 0.18/turn

%: faith
@: no status effects
A: no striking features
a: no special abilities


You were on level 4 of the Dungeon.
You visited 1 branch of the dungeon, and saw 4 of its levels.

You collected 181 gold pieces.


   Skills:
 - Level 2.0 Fighting
 + Level 9.6 Ranged Weapons
 - Level 1.8 Armour
 - Level 3.1 Dodging
 - Level 1.2 Stealth


You had 5 spell levels left.
You didn't know any spells.
Your spell library was empty.

Inventory:

Hand Weapons
 i - a +1 shortbow (weapon)
Armour
 e - a +0 pair of gloves
 f - a +1 helmet (worn)
 h - a +0 ring mail (worn)
 k - a +0 cloak (worn)
Jewellery
 b - a ring of poison resistance (left hand)
 c - a +6 ring of dexterity (right hand)
 d - the Hermit's Pendant (around neck) {Faith Invo=14 Evo=0 MP+5}
   (You found it on level 3 of the Dungeon)

   [amulet of faith]

   Invo=14: It sets your Invocations skill to 14.
   Evo=0: It sets your Evocations skill to 0.
   It allows you to gain divine favour quickly.
   MP:        It affects your magic capacity (+5).
 l - a ring of magical power
 Y - a ring of positive energy
Scrolls
 j - a scroll of revelation {unknown}
 m - a scroll of enchant armour {unknown}
Potions
 a - a potion of degeneration {unknown}
 g - a potion of enlightenment {unknown}

Dungeon Overview and Level Annotations

Branches:
Dungeon (4/15)
 Temple: D:4-7

Altars:
Ru


Message History

You shoot an arrow. The arrow hits the lemure.
The lemure is moderately wounded.
The lemure hits you but does no damage. x2
You shoot an arrow. The arrow hits the lemure.
The lemure is heavily wounded.
The lemure hits you. The lemure closely misses you.
You shoot an arrow. The arrow closely misses the lemure.
The lemure hits you but does no damage. The lemure barely misses you.
The lemure closely misses you. x2; The lemure hits you.
You shoot an arrow.
The arrow hits the lemure but does no damage.
The lemure is heavily wounded.
The lemure hits you but does no damage. The lemure hits you.
The lemure closely misses you. The lemure hits you but does no damage.
You shoot an arrow. The arrow completely misses the lemure.
The arrow closely misses the kobold.
The lemure hits you. The lemure hits you but does no damage.
The lemure closely misses you. x2
You shoot an arrow. The arrow hits the lemure.
The lemure is severely wounded.
The lemure hits you. The lemure closely misses you.
The lemure barely misses you. The lemure hits you.
You shoot an arrow. The arrow barely misses the lemure.
The arrow hits the kobold.
The kobold is severely wounded.
The lemure closely misses you. x2; The lemure hits you.
The lemure hits you but does no damage.
You shoot an arrow. The arrow hits the lemure.
The lemure is almost dead.
The lemure hits you.
The lemure hits you but does no damage. x3
You shoot an arrow.
The arrow hits the lemure but does no damage.
The lemure is almost dead.
The lemure misses you. The lemure barely misses you.
The lemure hits you but does no damage. x2
You shoot an arrow. The arrow hits the lemure!
You kill the lemure!
That felt strangely unrewarding.
The lemure hits you but does no damage. The lemure hits you!
You die...

#.# #+ #.# #.#
#.# .. #..###.#
#.# #.# #.
#.....# .# #.#
#. ####..# .#
#.#
##.########..#
.# #.#
#............#
#.# #..
######...# #.#
##.5#####.#...#
#.###
#.K.@....#....#
....#
#..55...###..##
###.####
#..####..#.)##
# #....# #..
#......
###.##.### #.
##....##
....##...# #.
##.#.#
########.# #
#.#.# # ###.###
#.#.# # #....^#
.#


You could see 3 lemures and a kobold.

Vanquished Creatures
  A black bear (D:4)
  A lemure (D:4)
  A hound (D:4)
  A jelly (D:4)
  Natasha (thrice) (D:2)
  An iguana (D:4)
  An orc wizard (D:3)
  7 gnolls
  An adder (D:2)
  A worm (D:3)
  4 dart slugs
  An orc (D:3)
  5 bats
  7 endoplasms
  4 giant cockroaches
  10 goblins
  3 hobgoblins
  2 jackals (D:3)
  9 kobolds
  4 quokkas
  6 ball pythons
  4 frilled lizards
  5 rats
82 creatures vanquished.

Notes
Turn   | Place    | Note
-------+----------+-------------------------------------------
     0 | D:1      | qw the Deep Elf Hunter began the quest for the Orb.
     0 | D:1      | Reached XP level 1. HP: 12/12 MP: 3/3
     0 | D:1      | 0 ||| qw: Version: 0.3-a-9-g12657ce
     0 | D:1      | 0 ||| qw: Game counter: 2014
     0 | D:1      | 0 ||| qw: Always use a shield: true
     0 | D:1      | 0 ||| qw: God list: Okawaru
     0 | D:1      | 0 ||| qw: Allow faded altars: false
     0 | D:1      | 0 ||| qw: Do Orc after D:15 true
     0 | D:1      | 0 ||| qw: Do second Lair branch before Depths: true
     0 | D:1      | 0 ||| qw: Lair rune preference: random
     0 | D:1      | 0 ||| qw: Plans: Normal
     0 | D:1      | 0 ||| PLANNING D:1-11
   183 | D:1      | Reached skill level 6 in Ranged Weapons
   183 | D:1      | Reached XP level 2. HP: 16/16 MP: 4/4
   698 | D:1      | Reached XP level 3. HP: 20/20 MP: 5/5
   855 | D:1      | 855 ||| UPGRADING to +1 helmet.
   860 | D:1      | 860 ||| UPGRADING to +0 ring mail.
   870 | D:1      | 870 ||| DROPPING +0 leather armour.
   871 | D:1      | 871 ||| UPGRADING to +0 cloak.
   876 | D:1      | 876 ||| UPGRADING to ring of positive energy.
   877 | D:1      | 877 ||| READING scroll labelled XIARI LASA.
   878 | D:1      | 878 ||| READING scroll labelled MEUKHL PUOJ.
   879 | D:1      | 879 ||| READING scroll labelled JAGGUE ZUREOC.
   880 | D:1      | 880 ||| DROPPING scroll of butterflies.
  1068 | D:2      | Noticed Natasha
  1072 | D:2      | Killed Natasha
  1073 | D:2      | Reached skill level 7 in Ranged Weapons
  1164 | D:2      | Found a faded altar of an unknown god.
  1197 | D:2      | Noticed Natasha
  1198 | D:2      | 1198 ||| Stepping ~*~*~tactically~*~*~ (outnumbered).
  1205 | D:2      | Killed Natasha
  1206 | D:2      | Reached XP level 4. HP: 16/25 MP: 6/6
  1303 | D:2      | Reached skill level 8 in Ranged Weapons
  1306 | D:2      | Noticed Natasha
  1309 | D:2      | 1309 ||| Stepping ~*~*~tactically~*~*~ (outnumbered).
  1310 | D:2      | 1310 ||| Stepping ~*~*~tactically~*~*~ (outnumbered).
  1319 | D:2      | Killed Natasha
  1647 | D:2      | 1647 ||| UPGRADING to +6 ring of dexterity.
  1648 | D:2      | 1648 ||| READING scroll labelled KYROR JU MIUM.
  1649 | D:2      | 1649 ||| READING scroll labelled COERAKK LUORUNEN.
  1691 | D:2      | 1691 ||| DRINKING 2 fuming yellow potions.
  1692 | D:2      | 1692 ||| DROPPING potion of attraction.
  1778 | D:3      | Reached XP level 5. HP: 29/29 MP: 7/7
  1840 | D:3      | 1840 ||| FLEEEEING.
  1846 | D:3      | Reached skill level 3 in Dodging
  2012 | D:3      | Found the Hermit's Pendant {Faith Invo=14 Evo=0 MP+5}
  2253 | D:3      | Found a sacrificial altar of Ru.
  2460 | D:3      | Reached skill level 9 in Ranged Weapons
  2808 | D:3      | 2808 ||| UPGRADING to Hermit's Pendant {Faith Invo=14 Evo=0
                  | MP+5}.
  2896 | D:3      | 2896 ||| UPGRADING to ring of poison resistance.
  3030 | D:4      | Noticed a black bear
  3034 | D:4      | Killed a black bear
  3035 | D:4      | Reached skill level 1 in Armour
  3035 | D:4      | Reached XP level 6. HP: 35/35 MP: 18/18
  3150 | D:4      | 3150 ||| Stepping ~*~*~tactically~*~*~ (outnumbered).
  3328 | D:4      | HP: 6/35 [lemure[Pikel] (6)]
  3330 | D:4      | Slain by a lemure

Levels and vault maps discovered:
D:1:      ebering_trefoil_3fold, layout_basic, kennysheep_minor_cross,
          minmay_liquid_box
D:2:      layout_loops_ring, basic_ecumenical_altar, serial_bayou_pond_b,
          uniq_natasha
D:3:      layout_basic, nicolae_ru_great_annihilating_truth, minmay_bisected
D:4:      layout_loops_ring, tso_altar, cheibrodos_gnoll_hut, uniq_pikel

Skill      XL: |  1  2  3  4  5 |
---------------+----------------+-----
Ranged Weapons | 6 7 8 9 |  9.6
Dodging        | 3 |  3.1
Fighting       | 2 |  2.0
Armour         | 1 |  1.8
Stealth        | |  1.2

Action                     |  1- 3 |  4- 6 || total
---------------------------+-------+-------++-------
   Fire: Shortbow          |    83 |   159 ||   242
    Use: Scroll            |     3 |     2 ||     5
         Potion            |       |     1 ||     1
 Armour: Leather armour    |     2 |       ||     2
         Ring mail         |     4 |    34 ||    38
  Dodge: Dodged            |     9 |    49 ||    58

Table legend:
 A = Non-vault XP
 B = Vault XP
 C = Vault XP percentage of total XP
 D = Non-vault monster count
 E = Vault monster count
 F = Vault count percentage of total count
                 A         B        C        D         E       F
            +---------+---------+-------+---------+---------+-------
      Total |     516 |      97 |  15.8 |      70 |      11 |  13.6
            +---------+---------+-------+---------+---------+-------
        D:1 |      41 |       0 |   0.0 |      20 |       0 |   0.0
        D:2 |      98 |      54 |  35.5 |      19 |       6 |  24.0
        D:3 |      81 |      43 |  34.7 |      16 |       5 |  23.8
        D:4 |     296 |       0 |   0.0 |      15 |       0 |   0.0
            +---------+---------+-------+---------+---------+-------
